AoeStats
← La Berge

Arabia

507964869Analyzed
2v2 RM · 10d ago on Sep 20, 2026· 25m 48s· 4 players
Game mode
Random Map
Map size
Medium (4 player)
Population
200
Speed
Normal
Resources
Standard
Victory
Conquest
Starting age
Dark Age
Ending age
Imperial Age
RankedLock teamsTeams togetherTeam positionsShared explorationLock speedFull tech treeHidden civsTurbo modeCheats
Victory
Defeat
🇹🇼 Teutons · Taiwan
1034
+14
🇹🇼 Bohemians · Taiwan
1034
+14
🇫🇷 Turks · France
991
-14
🇬🇧 Ethiopians · United Kingdom
986
-14
La Berge
5:53 Loom
10:56 Feudal Age
12:04 Double-Bit Axe
15:58 Horse Collar
19:04 Wheelbarrow
24:06 Castle Age
22:22 Bloodlines
22:29 Scale Barding Armor
22:35 Forging
23:19 Forging
26:09 Bow Saw
[42nd] Dr Nick
2:56 Loom
11:37 Feudal Age
12:06 Double-Bit Axe
12:04 Horse Collar
15:06 Gold Mining
17:29 Wheelbarrow
17:28 Forging
17:09 Fletching
EN_Tsai
9:35 Feudal Age
7:51 Loom
14:16 Castle Age
12:07 Double-Bit Axe
White_Tsai
5:17 Loom
9:08 Feudal Age
11:28 Town Watch
11:29 Double-Bit Axe
11:32 Horse Collar
14:45 Wheelbarrow
19:00 Bloodlines
21:18 Castle Age
19:41 Scale Barding Armor
19:47 Forging
21:43 Castle Age
20:54 Bloodlines
22:22 Scale Mail Armor
23:00 Iron Casting
23:01 Bow Saw
22:42 Gold Mining
25:13 Chain Barding Armor
Connection lost

Rejoining the realm…

Still unreachable

The connection could not be restored.

Session expired

The server has moved on; the page needs a fresh start.